AoeStats
← 公鸡神探

Coastal Forest

503771598Analyzed
4v4 RM · 1mo ago on Sep 2, 2026· 47m 54s· 8 players
Game mode
Random Map
Map size
Large (8 player)
Population
200
Speed
Normal
Resources
Standard
Victory
Conquest
Starting age
Dark Age
Ending age
Imperial Age
RankedLock teamsTeams togetherTeam positionsShared explorationLock speedFull tech treeHidden civsTurbo modeCheats
Victory
Defeat
🇨🇦 Teutons · Canada
1208
+15
🇲🇽 Aztecs · Mexico
1153
+17
🇹🇼 Poles · Taiwan
1119
+19
🇲🇽 Vietnamese · Mexico
1092
+20
🇨🇳 Franks · China
1215
-19
🇨🇳 Italians · China
1193
-18
🇨🇳 Spanish · China
1164
-17
🇨🇦 Celts · Canada
1142
-16
02281
1:20 Loom
11:48 Feudal Age
26:00 Castle Age
25:06 Stone Mining
28:13 Double-Bit Axe
28:27 Gold Mining
35:29 Husbandry
35:36 Town Watch
38:21 Horse Collar
39:06 Bloodlines
39:38 Padded Archer Armor
42:32 Leather Archer Armor
公鸡神探
12:13 Feudal Age
12:29 Loom
16:47 Castle Age
14:57 Double-Bit Axe
17:09 Loom
21:29 Padded Archer Armor
24:41 Fletching
26:21 Bodkin Arrow
28:01 Leather Archer Armor
29:01 Ballistics
35:33 Imperial Age
35:56 Bow Saw
37:07 Ring Archer Armor
36:40 Bracer
37:56 Conscription
39:31 Scale Mail Armor
39:42 Forging
44:52 Scale Mail Armor
45:53 Chain Mail Armor
Amazon Shopping
10:21 Feudal Age
11:58 Loom
16:39 Castle Age
17:19 Double-Bit Axe
17:08 Pikeman
21:46 Horse Collar
25:47 Wheelbarrow
27:49 Heavy Plow
31:33 Elite Skirmisher
32:31 Bow Saw
33:24 Hand Cart
47:02 Imperial Age
44:35 Gold Mining
45:00 Forging
无甲的joe
7:09 Loom
9:46 Feudal Age
17:43 Scale Barding Armor
23:09 Castle Age
23:10 Double-Bit Axe
24:58 Chain Barding Armor
24:51 Forging
25:01 Chain Barding Armor
28:00 Gold Mining
37:48 Gold Shaft Mining
44:04 Imperial Age
42:10 Wheelbarrow
43:01 Iron Casting
43:13 Stone Mining
45:51 Cavalier
46:31 Husbandry
46:34 Chivalry
46:54 Conscription
F. King Nub
1:45 Loom
12:08 Feudal Age
14:35 Town Watch
14:43 Double-Bit Axe
16:08 Wheelbarrow
17:59 Gold Mining
21:41 Castle Age
21:31 Stone Mining
21:50 Arson
22:07 Scale Mail Armor
22:19 Forging
23:59 Gold Shaft Mining
24:00 Stone Shaft Mining
23:47 Bow Saw
23:06 Eagle Warrior
24:00 Horse Collar
25:11 Heavy Plow
29:10 Fishing Lines
29:59 Fletching
31:47 Hand Cart
31:51 Town Patrol
32:28 Iron Casting
32:08 Chain Mail Armor
33:20 Pikeman
34:01 Squires
34:51 Padded Archer Armor
34:46 Bodkin Arrow
34:35 Elite Skirmisher
35:56 Leather Archer Armor
37:40 Atlatl
42:45 Imperial Age
44:21 Conscription
44:29 Garland Wars
44:03 Elite Jaguar Warrior
44:34 Capped Ram
44:44 Imperial Skirmisher
44:48 Elite Eagle Warrior
46:33 Siege Ram
48:55 Crop Rotation
arzan
9:25 Feudal Age
8:22 Loom
11:14 Fletching
20:42 Town Watch
29:13 Castle Age
27:11 Double-Bit Axe
31:53 Bow Saw
31:54 Bodkin Arrow
32:00 Padded Archer Armor
31:50 Elite Skirmisher
35:18 Wheelbarrow
36:38 Horse Collar
41:04 Gold Mining
41:08 Stone Mining
41:57 Town Patrol
42:12 Hand Cart
42:19 Heavy Plow
45:19 Stone Shaft Mining
45:22 Leather Archer Armor
48:32 Imperial Age
48:49 Imperial Age
46:53 Ballistics
b² - 4ac
11:08 Feudal Age
15:58 Castle Age
21:55 Scale Mail Armor
22:06 Forging
23:25 Chain Mail Armor
24:20 Double-Bit Axe
24:18 Pikeman
26:16 Squires
33:35 Iron Casting
40:56 Fletching
44:56 Bodkin Arrow
Liam
6:12 Loom
9:14 Feudal Age
22:42 Castle Age
22:25 Double-Bit Axe
22:52 Scale Barding Armor
23:34 Light Cavalry
27:47 Wheelbarrow
38:43 Bloodlines
38:33 Husbandry
39:10 Szlachta Privileges
46:51 Imperial Age
47:18 Chain Barding Armor
47:43 Bow Saw
Connection lost

Rejoining the realm…

Still unreachable

The connection could not be restored.

Session expired

The server has moved on; the page needs a fresh start.